 Dungeon Crawl Stone Soup version 0.22-a0-93-g6b88ebb (webtiles) character file.

7936 tilp the Destroyer (level 11, -2/94 HPs)
             Began as a White Draconian Conjurer on Jan 23, 2018.
             Was a Believer of Vehumet.
             Slain by a hornet (12 damage)
             ... while paralysed by a hornet
             ... on level 9 of the Dungeon.
             The game lasted 00:33:45 (11743 turns).

tilp the Destroyer (White Draconian Conjurer)      Turns: 11743, Time: 00:33:45

Health: -2/94      AC:  8    Str: 11    XL:     11   Next: 3%
Magic:  14/20      EV:  2    Int: 23    God:    Vehumet [**....]
Gold:   416        SH:  0    Dex: 14    Spells: 10/22 levels left

rFire    . . .     SeeInvis .   A - +2 war axe "Lelat" {holy, rElec rF+ rN+}
rCold    + + .     Gourm    .   (no shield)
rNeg     + . .     Faith    .   (armour unavailable)
rPois    .         Spirit   .   (helmet restricted)
rElec    +         Reflect  .   (no cloak)
rCorr    .         Harm     .   (no gloves)
MR       .....                  u - +0 pair of boots
Stlth    +++.......             g - amulet of regeneration
HPRegen  0.65/turn              t - ring of Sumuhep {Ice Dex+2}
MPRegen  0.17/turn              o - +5 ring of intelligence

@: paralysed, lethally poisoned (-2 -> -3), slowed
A: breathe frost, unfitting armour, cold resistance 1, cold-blooded, AC +7
a: Breathe Frost, Renounce Religion


You were on level 9 of the Dungeon.
You worshipped Vehumet.
Vehumet was pleased with you.
You were hungry.

You visited 2 branches of the dungeon, and saw 11 of its levels.

You collected 416 gold pieces.

Inventory:

Hand Weapons
 A - the +2 war axe "Lelat" (weapon) {holy, rElec rF+ rN+}
   (You found it on level 4 of the Dungeon)

   It has been blessed by the Shining One to cause great damage to the undead
   and demons.
   It protects you from fire.
   It insulates you from electricity.
   It protects you from negative energy.
Missiles
 d - 183 stones
 m - 15 tomahawks (quivered)
Armour
 u - a +0 pair of boots (worn)
Jewellery
 g - an amulet of regeneration (around neck)
 o - a +5 ring of intelligence (right hand)
 t - the ring of Sumuhep (left hand) {Ice Dex+2}
   (You found it on level 8 of the Dungeon)

   [ring of ice]

   It enhances your ice magic.
   It affects your dexterity (+2).
   It makes you vulnerable to fire.
   It protects you from cold.
Wands
 q - a wand of flame (9)
 H - a wand of random effects (28)
Scrolls
 e - 3 scrolls of enchant weapon
 i - 5 scrolls of amnesia
 k - 3 scrolls of magic mapping
 l - 2 scrolls of fog
 n - 3 scrolls of brand weapon
 w - a scroll of immolation {unknown}
 x - 2 scrolls of teleportation
 y - 4 scrolls of remove curse
 C - 2 scrolls of blinking {unknown}
 E - 2 scrolls of noise {unknown}
Potions
 c - 4 potions of cancellation
 f - a potion of flight {unknown}
 h - 7 potions of curing
 j - 3 potions of haste
 p - 2 potions of mutation {unknown}
 r - a potion of agility {unknown}
 s - a potion of heal wounds {unknown}
 v - 4 potions of brilliance {unknown}
 F - a potion of magic {unknown}
 G - a potion of might {unknown}
Books
 a - a book of Conjurations

   Spells                             Type                      Level
   a - Magic Dart                     Conjuration                  1
   b - Searing Ray                    Conjuration                  2
   c - Dazzling Spray                 Conjuration/Hexes            3
   d - Fulminant Prism                Conjuration/Hexes            4
   e - Force Lance                    Conjuration/Translocation    4
   f - Iskenderun's Mystic Blast      Conjuration                  4
 z - a Young Poisoner's Handbook

   Spells                             Type                      Level
   a - Sting                          Conjuration/Poison           1
   b - Poisonous Vapours              Poison/Air                   2
   c - Mephitic Cloud                 Conjuration/Poison/Air       3
   d - Olgreb's Toxic Radiance        Poison                       4
   e - Venom Bolt                     Conjuration/Poison           5
 B - a book of Burglary

   Spells                             Type                      Level
   a - Swiftness                      Charms/Air                   2
   b - Passwall                       Transmutation/Earth          2
   c - Passage of Golubria            Translocation                4
   d - Lee's Rapid Deconstruction     Earth                        5
   e - Darkness                       Hexes                        6
   f - Invisibility                   Hexes                        6
Comestibles
 b - 10 rations


   Skills:
 + Level 8.1 Fighting
 - Level 8.0 Dodging
 - Level 4.1 Stealth
 - Level 6.0 Spellcasting
 - Level 10.0 Conjurations
 - Level 5.1 Evocations


You had 10 spell levels left.
You knew the following spells:

 Your Spells              Type           Power        Failure   Level  Hunger
a - Magic Dart            Conj           ####         1%          1    None
b - Searing Ray           Conj           ######       1%          2    None
c - Iskenderun's Mystic   Conj           ######..     1%          4    ###....
d - Swiftness             Chrm/Air       #.......     13%         2    None
e - Mephitic Cloud        Conj/Pois/Air  ###.....     6%          3    #......


Dungeon Overview and Level Annotations

Branches:
Dungeon (10/15)            Temple (1/1) D:7
   Lair: D:8-11         Orc: D:9-12

Altars:
Ashenzari
Cheibriados
Dithmenos
Elyvilon
Gozag
Hepliaklqana
Kikubaaqudgha
Makhleb
Nemelex Xobeh
Okawaru
Qazlal
Sif Muna
Trog
Uskayaw
Vehumet
Wu Jian
Xom
Yredelemnul
Zin
The Shining One
Jiyva

Shops:
D:5 }

Annotations:
D:5 Graouh's ghost, novice MiFi
D:6 Edmund; Eustachio
D:7 1 runed door, Protee's ghost, novice FoFi
D:9 exclusions: 3 death yaks, door and 3 more exclusions, Gastronok


Innate Abilities, Weirdness & Mutations

You can breathe waves of freezing cold.
You can buffet flying creatures when you breathe cold.
Your icy white scales are hard. (AC +7)
You cannot fit into any form of body armour.
Your flesh is cold resistant. (rC+)
You are cold-blooded and may be slowed by cold attacks.


Message History

The searing ray hits the hornet.
The hornet is heavily wounded.
You finish channeling your searing ray.
You feel sick. The hornet misses you. The hornet completely misses you.
Casting: Searing Ray
Confirm with . or Enter, or press ? or * to list all spells.
Aiming: Searing Ray
Press: ? - help, Shift-Dir - straight line, f - hornet
Aim: a hornet (heavily wounded)
The searing ray hits the hornet.
The hornet is almost dead. (Press . to maintain the ray.)
You feel yourself speed up.
You feel sick. The hornet stings you!
* * * LOW HITPOINT WARNING * * *
You suddenly lose the ability to move!
The hornet stings you!
* * * LOW HITPOINT WARNING * * *
You feel yourself slow down.
You feel sick. The hornet stings you!
You die...

....######............#
....'...##......<.....#
Y...# #..'(........>..#
....# ####............#
#............#
######'####### #..#
##y# #######@######
#............# ####
#............#
###..#####............#
.....'...#............#
.....###.#............#
.....# #.'............#
.....# ###............#
.....# #######'######


You could see a hornet.

Vanquished Creatures
  An ogre mage (D:10)
  A two-headed ogre (D:9)
  An unseen horror (D:10)
  Psyche (D:8)
  A centaur skeleton (D:10)
  2 trolls
  A hornet (D:9)
  A hippogriff (D:9)
  A spriggan (shapeshifter) (D:9)
  6 yaks
  Menkaure (D:6)
  An ice beast (D:8)
  3 sky beasts
  2 orc warriors (D:9)
  A black bear (D:6)
  A necrophage (D:9)
  3 phantoms
  The ghost of p0werm0de the Skirmisher, an amateur DsFi (D:4)
  2 centaurs
  2 ogres
  A big kobold (D:9)
  4 bullfrogs
  A wyvern zombie (D:10)
  A wyvern skeleton (D:8)
  3 scorpions
  3 killer bees
  4 wights (D:8)
  2 howler monkeys (D:7)
  A centaur zombie (D:9)
  3 jellies
  2 crimson imps
  3 quasits (D:8)
  3 orc priests
  A hound (D:8)
  A bullfrog skeleton (D:6)
  5 orc wizards
  Jessica (D:2)
  3 iguanas
  10 worker ants
  3 worker ant zombies
  3 gnolls (D:4)
  11 adders
  A shadow imp (D:5)
  An adder skeleton (D:7)
  3 worms
  2 dart slugs
  7 leopard geckos
  15 orcs
  2 giant cockroaches
  4 goblins (D:3)
  3 hobgoblins
  7 jackals
  2 quokkas
  A ball python (D:1)
  A ball python zombie (D:5)
  3 bats
  3 frilled lizards
  12 kobolds
  A leopard gecko skeleton (D:6)
  10 rats
180 creatures vanquished.

Vanquished Creatures (others)
  A plant (D:5)
1 creature vanquished.

Grand Total: 181 creatures vanquished

Notes
Turn   | Place    | Note
-------+----------+-------------------------------------------
     0 | D:1      | tilp the Draconian Conjurer began the quest for the Orb.
     0 | D:1      | Reached XP level 1. HP: 14/14 MP: 3/3
   353 | D:1      | Reached XP level 2. HP: 20/20 MP: 3/5
   384 | D:1      | Learned a level 2 spell: Searing Ray
  1266 | D:2      | Noticed Jessica
  1285 | D:2      | Killed Jessica
  1285 | D:2      | Reached skill level 5 in Conjurations
  1285 | D:2      | Reached XP level 3. HP: 16/26 MP: 0/6
  1622 | D:2      | Found a burning altar of Makhleb.
  1717 | D:2      | Reached XP level 4. HP: 33/33 MP: 7/7
  2168 | D:2      | Found a faded altar of an unknown god.
  2168 | D:2      | Found an ancient bone altar of Kikubaaqudgha.
  2178 | D:2      | Found a faded altar of an unknown god.
  2180 | D:2      | Found a glowing silver altar of Zin.
  2182 | D:2      | Found a snail-covered altar of Cheibriados.
  2599 | D:3      | Reached skill level 6 in Conjurations
  3312 | D:4      | Noticed a phantom
  3370 | D:4      | Noticed p0werm0de's ghost (amateur DsFi)
  3430 | D:4      | Reached XP level 5. HP: 37/38 MP: 3/8
  3602 | D:4      | Killed a phantom
  3602 | D:4      | Reached skill level 7 in Conjurations
  3707 | D:4      | Found an iron altar of Okawaru.
  3798 | D:4      | Reached XP level 6. HP: 45/45 MP: 5/9
  4093 | D:4      | Got an iridescent war axe
  4094 | D:4      | Identified the +2 war axe "Lelat" {holy, rElec rF+ rN+} (You found it on level 4 of the Dungeon)
  4328 | D:4      | Reached skill level 1 in Fighting
  4488 | D:4      | Found a sparkling altar of Nemelex Xobeh.
  4488 | D:4      | Found an opulent altar of Gozag.
  4558 | D:5      | Entered Level 5 of the Dungeon
  4570 | D:5      | Noticed Graouh's ghost (novice MiFi)
  4623 | D:5      | Found a hazy altar of Hepliaklqana.
  4702 | D:5      | Found Imehor's Gadget Boutique.
  4712 | D:5      | Your scales start taking on an icy white colour.
  4712 | D:5      | Reached XP level 7. HP: 53/53 MP: 10/13
  4712 | D:5      | Gained mutation: Your flesh is cold resistant. (rC+) [White Draconian growth]
  4892 | D:5      | Found a stormy altar of Qazlal.
  5173 | D:4      | Killed p0werm0de's ghost
  5808 | D:6      | Noticed Menkaure
  5810 | D:6      | Killed Menkaure
  5868 | D:6      | Noticed Eustachio
  5921 | D:6      | Noticed Edmund
  6048 | D:6      | Reached XP level 8. HP: 20/66 MP: 11/14
  6516 | D:6      | Found a snail-covered altar of Cheibriados.
  6667 | D:7      | Noticed Protee's ghost (novice FoFi)
  6860 | D:7      | Found a staircase to the Ecumenical Temple.
  6871 | Temple   | Entered the Ecumenical Temple
  6888 | Temple   | Became a worshipper of Vehumet
  7062 | D:7      | Reached skill level 1 in Evocations
  7368 | D:7      | Found a hazy altar of Hepliaklqana.
  7470 | D:7      | Found a runed door.
  7698 | D:8      | Reached skill level 8 in Conjurations
  7824 | D:8      | Noticed Psyche
  7845 | D:8      | Paralysed by something for 3 turns
  7854 | D:8      | Paralysed by Psyche for 2 turns
  7860 | D:8      | Killed Psyche
  7860 | D:8      | Reached skill level 5 in Evocations
  7860 | D:8      | Reached XP level 9. HP: 16/71 MP: 1/15
  8107 | D:8      | Got a twitching wooden ring
  8108 | D:8      | Identified the ring of Sumuhep {Ice Dex+2} (You found it on level 8 of the Dungeon)
  8286 | D:8      | Reached * piety under Vehumet
  8286 | D:8      | Offered knowledge of Freeze by Vehumet.
  8292 | D:8      | Learned a level 4 spell: Iskenderun's Mystic Blast
  8298 | D:8      | Learned a level 2 spell: Swiftness
  8655 | D:8      | Reached skill level 9 in Conjurations
  9100 | D:9      | Noticed a troll
  9127 | D:9      | Killed a troll
  9254 | D:9      | Reached skill level 10 in Conjurations
  9356 | D:9      | Paralysed by a hornet for 1 turns
  9362 | D:9      | Reached skill level 5 in Fighting
  9510 | D:9      | Learned a level 3 spell: Mephitic Cloud
  9569 | D:9      | Noticed a death yak
  9569 | D:9      | Noticed a death yak
  9630 | D:9      | Noticed a two-headed ogre
  9656 | D:9      | Killed a two-headed ogre
  9656 | D:9      | Reached XP level 10. HP: 66/86 MP: 2/16
  9996 | D:9      | Reached skill level 5 in Spellcasting
 10304 | D:9      | Noticed Gastronok
 10377 | D:9      | Noticed a death yak
 10522 | D:10     | Entered Level 10 of the Dungeon
 10523 | D:10     | Found a stormy altar of Qazlal.
 10755 | D:10     | Reached ** piety under Vehumet
 10755 | D:10     | Reached skill level 5 in Dodging
 10837 | D:9      | Offered knowledge of Throw Flame by Vehumet.
 10838 | D:9      | HP: 3/88 [orc warrior/dire flail (16)]
 11218 | D:10     | Noticed a two-headed ogre
 11220 | D:10     | Noticed an ogre mage
 11222 | D:10     | Noticed a two-headed ogre
 11344 | D:10     | Killed an unseen horror
 11526 | D:10     | Killed an ogre mage
 11526 | D:10     | Reached XP level 11. HP: 94/94 MP: 11/20
 11535 | D:10     | Noticed a two-headed ogre
 11537 | D:10     | Noticed a two-headed ogre
 11733 | D:9      | Paralysed by a hornet for 1 turns
 11742 | D:9      | Paralysed by a hornet for 3 turns
 11743 | D:9      | Slain by a hornet

Vault maps used:
D:1:      dpeg_arrival_arbitrary_c
D:2:      chequers_temple_overflow_minitemple, marbit_many_paths, uniq_jessica
D:4:      grunt_temple_overflow_opulence, okawaru_trees_1, first_ration
D:5:      old_standard_altar, overflow_temple_1_default, serial_shops,
          shop_statue, serial_bayou_lagoon_a, hangedman_decor_peaks_small,
          kennysheep_another_room
D:6:      nicolae_lava_and_water, nrook_mini_backslash, cheibriados_altar_1,
          uniq_eustachio, uniq_menkaure, uniq_edmund
D:7:      minmay_temple_entry_enclosed_plants, basic_altar, st_stairs_6,
          uniq_crazy_yiuf_cottage
D:8:      uniq_psyche
D:9:      gammafunk_temple_overflow_wave, dpeg_lair_monsters, uniq_gastronok
D:10:     grunt_qazlal_clouds
Temple:   pf_slimified_temple

Skill      XL: |  1  2  3  4  5  6  7  8  9 10 |
---------------+-------------------------------+-----
Conjurations   | 5 6 7 8 10 | 10.0
Spellcasting   | 4 6 |  6.0
Fighting       | 1 4 7 8 |  8.1
Dodging        | 4 8 |  8.0
Stealth        | 2 4 |  4.1
Evocations     | 5 |  5.1

Action                   |  1- 3 |  4- 6 |  7- 9 | 10-12 || total
-------------------------+-------+-------+-------+-------++-------
Melee: Unarmed           |     1 |       |       |       ||     1
       Spear             |     3 |       |       |       ||     3
       Trident           |     2 |    85 |       |       ||    87
       Tailslap          |     1 |    10 |    16 |    10 ||    37
       War axe           |       |    14 |   136 |    82 ||   232
Throw: Tomahawk          |       |     3 |       |       ||     3
 Cast: Magic Dart        |    39 |     9 |    16 |     8 ||    72
       Searing Ray       |     5 |    19 |    42 |    38 ||   104
       Mephitic Cloud    |       |       |     1 |     1 ||     2
       Iskenderun's Myst |       |       |       |     2 ||     2
 Abil: Breathe Frost     |       |       |     2 |       ||     2
  Use: Scroll            |       |       |    12 |     1 ||    13
       Potion            |       |       |     1 |     1 ||     2
 Stab: Sleeping          |       |     1 |     1 |     1 ||     3
       Distracted        |       |       |     1 |       ||     1
  Eat: Chunk             |     3 |     8 |    13 |     3 ||    27
       Ration            |       |     1 |     1 |     1 ||     3
Armor: Skin              |     3 |    37 |    86 |    71 ||   197
Dodge: Dodged            |     7 |    82 |   144 |   163 ||   396

Table legend:
 A = Spawn XP
 B = Non-spawn XP
 C = Spawn XP percentage of total XP
 D = Spawn monster count
 E = Non-spawn monster count
 F = Spawn count percentage of total count
 G = Total turns spent on level
                    A         B        C        D         E        F      G
               +---------+---------+-------+---------+---------+-------+---------
         Total |       0 |   11338 |   0.0 |       0 |     180 |   0.0 | 11743
               +---------+---------+-------+---------+---------+-------+---------
           D:1 |       0 |      24 |   0.0 |       0 |      16 |   0.0 |  1023
           D:2 |       0 |      95 |   0.0 |       0 |      16 |   0.0 |  1193
           D:3 |       0 |      64 |   0.0 |       0 |      14 |   0.0 |  1202
           D:4 |       0 |     662 |   0.0 |       0 |      17 |   0.0 |  1423
           D:5 |       0 |      94 |   0.0 |       0 |       9 |   0.0 |   846
           D:6 |       0 |     770 |   0.0 |       0 |      10 |   0.0 |   989
           D:7 |       0 |     476 |   0.0 |       0 |      11 |   0.0 |  1030
           D:8 |       0 |    1795 |   0.0 |       0 |      32 |   0.0 |  1466
           D:9 |       0 |    4265 |   0.0 |       0 |      40 |   0.0 |  2072
          D:10 |       0 |    3093 |   0.0 |       0 |      15 |   0.0 |   397
               +---------+---------+-------+---------+---------+-------+---------
